Map: 카탈리스트 - 래더

Players

Lambo - Winner!

  • Race: Zerg Zerg
  • League: Master
  • Spawn Location: 11:00

Zest

  • Race: Protoss Protoss
  • League: Master
  • Spawn Location: 5:00

Event: HomeStory Cup XVII

VOD

Have the link to the VOD?

Description

Time

  • Played on: June 28, 2018, 8:17 a.m.
  • Length: 9:47

All games in this series

Show
View Real Time Build Order
Export as new Build Order

Lambo Zerg - Winner!

Build Orders: Hatch First 

Get SALT Encoding   

  12  0:00  Drone  
  13  0:12  Overlord  
  13  0:17  Drone  
  14  0:31  Drone x2  
  16  0:49  Hatchery  
  15  0:51  Drone  
  15  0:55  Drone  
  17  0:58  Drone  
  18  1:09  Extractor  
  17  1:14  Spawning Pool  
  17  1:17  Drone  
  17  1:20  Drone  
  18  1:28  Drone  
  19  1:39  Drone  
  20  1:49  Overlord  
  20  2:00  Queen x2  
  24  2:01  Zergling x2  
  24  2:02  Zergling x2  
  26  2:11  Metabolic Boost  
  26  2:12  Drone  
  26  2:15  Drone  
  28  2:25  Drone  
  28  2:29  Drone  
  30  2:38  Hatchery  
  30  2:41  Drone  
  30  2:43  Drone  
  31  2:47  Drone  
  31  2:51  Overlord  
  32  2:56  Drone  
  33  3:02  Drone  
  34  3:07  Drone x2  
  36  3:12  Spore Crawler  
  36  3:13  Drone x2  
  36  3:14  Queen  
  36  3:15  Drone  
  36  3:16  Drone  
  42  3:21  Overlord  
  42  3:26  Overlord  
  42  3:28  Drone  
  42  3:30  Drone  
  44  3:48  Drone  
  44  3:49  Spore Crawler, Zergling x2  
  44  3:50  Zergling x2  
  44  3:52  Drone x2  
  48  3:55  Queen  
  48  3:56  Queen  
  48  3:57  Drone  
  48  3:59  Spore Crawler  
  48  4:02  Drone x2  
  54  4:03  Drone  
  54  4:05  Overlord  
  54  4:06  Drone  
  56  4:11  Drone  
  56  4:15  Drone  
  58  4:17  Overlord  
  58  4:19  Lair  
  58  4:23  Roach Warren  
  57  4:24  Drone  
  57  4:28  Drone  
  57  4:29  Drone  
  57  4:30  Drone  
  57  4:31  Drone x2  
  60  4:32  Drone  
  60  4:35  Drone  
  60  4:37  Drone  
  63  4:42  Drone, Extractor  
  63  4:43  Drone x2  
  63  4:44  Extractor  
  65  4:45  Drone  
  65  4:49  Drone  
  65  4:50  Overlord, Evolution Chamber  
  65  4:51  Drone  
  65  4:53  Drone  
  65  4:56  Drone  
  65  4:58  Overlord  
  67  5:03  Drone  
  67  5:05  Drone x3  
  67  5:06  Drone  
  72  5:11  Drone x2  
  74  5:16  Overlord  
  74  5:20  Zerg Missile Weapons Level 1, Hydralisk Den  
  73  5:21  Extractor  
  73  5:22  Overlord  
  73  5:24  Extractor  
  73  5:25  Roach x5  
  73  5:28  Zergling x2  
  81  5:30  Spore Crawler  
  81  5:31  Roach  
  81  5:32  Overlord  
  82  5:36  Overlord  
  82  5:39  Overlord  
  82  5:41  Roach x2  
  86  5:46  Roach x2  
  85  5:50  Roach x2  
  85  5:55  Roach  
  85  5:56  Roach  
  88  5:59  Roach  
  88  6:04  Roach  
  88  6:05  Roach  
  88  6:10  Roach x2  
  96  6:13  Roach  
  96  6:16  Roach x2  
  98  6:21  Roach  
  98  6:25  Roach  
  99  6:31  Roach  
  93  6:41  Roach  
  93  6:42  Roach  
  93  6:46  Drone x5  
  93  6:47  Drone  
  103  6:52  Drone x3  
  103  6:53  Drone  
  107  6:59  Glial Reconstitution  
  107  7:00  Drone  
  107  7:01  Drone  
  109  7:08  Grooved Spines  
  109  7:12  Hydralisk  
  109  7:14  Overlord  
  110  7:18  Hydralisk  
  110  7:21  Hydralisk  
  114  7:24  Hydralisk  
  114  7:26  Overlord  
  114  7:27  Hydralisk  
  118  7:31  Hydralisk  
  118  7:33  Overlord, Hydralisk  
  118  7:36  Hydralisk  
  122  7:40  Overlord  
  122  7:41  Hydralisk  
  126  7:44  Hydralisk  
  126  7:48  Overlord, Hydralisk  
  130  7:51  Hydralisk  
  130  7:52  Hatchery  
  130  7:55  Hydralisk  
  130  7:58  Zergling x6  
  136  8:02  Ravager  
  137  8:08  Hydralisk x2  
  137  8:09  Zergling x8  
  145  8:13  Zergling x6  
  145  8:16  Zergling x4  
  145  8:17  Zergling x2  
  151  8:21  Zergling x6  
  151  8:25  Overlord  
  155  8:27  Zergling x4  
  155  8:29  Ravager x2  
  155  8:30  Ravager  
  155  8:32  Zergling x2  
  155  8:33  Zergling x4  
  162  8:35  Ravager  
  162  8:37  Zergling x6  
  162  8:39  Ravager  
  162  8:40  Zergling x2  
  168  8:45  Hydralisk  
  168  8:46  Zergling x6  
  165  8:50  Hydralisk x2  
  141  8:56  Roach  
  141  8:59  Zergling x2  
  125  9:04  Zergling x2  
  125  9:05  Zergling x4  
  125  9:07  Zergling x2  
  114  9:10  Zergling x2  
  114  9:13  Zergling x4  
  114  9:15  Zergling x2  
  110  9:20  Zergling x6  
  111  9:27  Zergling x4  
Show
View Real Time Build Order
Export as new Build Order

Zest Protoss 

Build Orders: 1 Gate Expand, Oracle Opening, Phoenix Opening 

Get SALT Encoding   

  12  0:00  Probe  
  13  0:13  Probe  
  14  0:18  Pylon  
  14  0:24  Probe  
  15  0:32  Probe  
  15  0:40  Gateway, Probe  
  16  0:47  Assimilator  
  17  0:51  Probe  
  18  1:03  Probe  
  19  1:15  Probe  
  20  1:24  Nexus  
  20  1:34  Cybernetics Core  
  20  1:38  Probe  
  21  1:44  Assimilator  
  21  1:50  Probe  
  21  1:53  Pylon  
  22  2:02  Adept, Probe  
  23  2:15  Stargate  
  25  2:17  Probe  
  26  2:23  Warp Gate  
  26  2:29  Adept, Probe  
  29  2:33  Probe  
  30  2:41  Probe x2  
  31  2:50  Probe  
  31  2:51  Phoenix  
  32  2:53  Probe  
  34  3:03  Probe  
  34  3:04  Oracle  
  37  3:06  Probe  
  38  3:16  Probe  
  38  3:18  Probe  
  43  3:21  Pylon  
  43  3:28  Probe  
  43  3:30  Probe  
  43  3:33  Twilight Council  
  46  3:42  Gateway  
  46  3:44  Resonating Glaives  
  45  3:49  Gateway x2  
  45  3:51  Gateway  
  45  3:56  Gateway  
  45  4:00  Probe x2  
  47  4:04  Pylon  
  47  4:12  Probe, Pylon  
  47  4:13  Probe  
  49  4:22  Pylon  
  49  4:24  Pylon  
  49  4:35  Adept  
  49  4:36  Adept  
  53  4:46  Adept  
  53  4:48  Adept  
  53  4:50  Adept  
  59  4:57  Nexus  
  59  4:58  Adept x2  
  63  5:00  Adept  
  63  5:04  Pylon  
  65  5:07  Adept  
  65  5:12  Adept x2  
  71  5:19  Adept x2  
  75  5:27  Zealot  
  77  5:30  Assimilator  
  77  5:31  Assimilator  
  77  5:34  Robotics Facility  
  77  5:39  Probe x2  
  79  5:51  Probe  
  79  5:52  Probe  
  75  5:57  Robotics Facility  
  75  6:03  Sentry x2, Probe  
  80  6:05  Probe  
  81  6:15  Probe  
  81  6:17  Probe  
  79  6:25  Immortal  
  75  6:27  Probe  
  70  6:33  Probe  
  70  6:36  Immortal  
  70  6:38  Sentry x3  
  70  6:39  Probe  
  82  6:41  Probe  
  82  6:45  Probe  
  88  6:52  Probe  
  88  6:53  Probe  
  90  6:55  Shield Battery  
  90  6:57  Immortal  
  90  6:58  Probe, Pylon  
  91  7:06  Immortal, Probe  
  91  7:07  Probe  
  97  7:10  Probe  
  98  7:18  Probe  
  98  7:19  Probe  
  98  7:20  Pylon  
  98  7:21  Assimilator  
  104  7:25  Assimilator  
  104  7:26  Immortal  
  104  7:28  Probe, Pylon  
  105  7:31  Probe  
  105  7:32  Charge, Pylon  
  105  7:34  Probe  
  105  7:35  Forge  
  111  7:37  Immortal  
  111  7:38  Pylon  
  111  7:40  Probe  
  112  7:50  Probe x2  
  118  7:55  Forge  
  118  7:56  Pylon  
  118  8:00  Immortal  
  118  8:11  Nexus  
  122  8:22  Pylon  
  122  8:24  Immortal  
  122  8:25  Pylon  
  122  8:29  Immortal  
  120  8:39  Templar Archives  
  128  8:44  Zealot x5  
  138  8:50  Adept  
  138  8:53  Immortal  
  128  8:57  Immortal  
  106  9:06  Adept  
  106  9:07  Adept x2  
  59  9:25  Adept x3  
  61  9:35  Adept  
Tags
 
Add a new tag
Caveats
  • Supply blocks, unpowered buildings, or Contaminate may cause inaccurate times.
  • Supply counts are checked every 10 seconds.